 Dungeon Crawl Stone Soup version 0.21-a0-414-gba8bdf1 (webtiles) character file.

909867 zero the Axe Maniac (level 27, -15/199 HPs)
             Began as a Gargoyle Berserker on Nov 2, 2017.
             Was the Champion of Trog.
             Killed from afar by Asmodeus (36 damage)
             ... with damnation
             ... on level 7 of Gehenna.
             The game lasted 02:30:54 (78793 turns).

zero the Axe Maniac (Gargoyle Berserker)           Turns: 78793, Time: 02:30:55

Health: -15/199    AC: 68    Str: 49 (53) XL:     27
Magic:  35/35      EV: 19    Int: 15      God:    Trog [******]
Gold:   5919       SH: 35    Dex: 15      Spells: 26/26 levels left

rFire    + + +     SeeInvis .   S - +9 broad axe (vamp)
rCold    + . .     Gourm    .   G - +4 large shield {rC+}
rNeg     + + +     Faith    .   J - +8 crystal plate armour "Adarph" {rElec rC- rCorr Int+6}
rPois    ∞         Spirit   .   g - +0 helmet "Uduwemaj" {rC+}
rElec    +         Reflect  .   a - scarf "Daloadgh" {rPois Str+6}
rCorr    +         Harm     .   U - +0 pair of gloves "Jakakiw" {rPois rN+ Dex+2}
MR       +++++                  Y - +2 pair of boots {run}
Stlth    ..........             T - amulet of the Three Beds {rF++ MR+ Regen+ Dex+4}
HPRegen  1.83/turn              e - +6 ring of strength
MPRegen  0.24/turn              y - ring "Heypsu" {rC- rN+ Str+6 Int+2 Stlth+}

@: resistant, flying, very slightly contaminated, regenerating, invisible, quick
A: big wings, talons 1, thin skeletal structure 1, clumsy 1, deterioration 1,
fire resistance 1, mutation resistance 1, negative energy resistance 1,
screaming 1, electricity resistance, unbreathing, petrification resistance, no
potion heal 1, rot immunity, subdued magic 1, MP-powered wands, AC +20
}: 5/15 runes: serpentine, barnacled, slimy, silver, bone
a: Stop Flying, Berserk, Trog's Hand, Brothers in Arms, Burn Spellbooks,
Renounce Religion


You were on level 7 of Gehenna.
You worshipped Trog.
Trog was exalted by your worship.
You were not hungry.

You visited 15 branches of the dungeon, and saw 73 of its levels.
You also visited: Labyrinth, Trove and Ice Cave.

You collected 11091 gold pieces.
You spent 5172 gold pieces at shops.

Inventory:

Hand Weapons
 D - a +9 broad axe of electrocution
 S - a +9 vampiric broad axe (weapon)
Armour
 a - the scarf "Daloadgh" (worn) {rPois Str+6}
   (You found it on level 7 of Tartarus)

   It affects your strength (+6).
   It protects you from poison.
 g - the +0 helmet "Uduwemaj" (worn) {rC+}
   (You found it on level 4 of the Depths)

   It protects you from cold.
 r - the +2 helmet of Youthful Indiscretion {rCorr Int+2 Stlth+}
   (You found it on level 2 of the Shoals)

   It affects your intelligence (+2).
   It protects you from acid and corrosion.
   It makes you more stealthy.
 s - the +1 cloak of Heresy {rElec rPois Str+3 Stlth+}
   (You bought it in a shop on level 1 of the Elven Halls)

   It affects your strength (+3).
   It insulates you from electricity.
   It protects you from poison.
   It makes you more stealthy.
 t - a scarf of repulsion
 F - the +3 crown of Dyrovepreva {rElec Int+2 SInv}
   (You found it on level 5 of the Pits of Slime)

   It affects your intelligence (+2).
   It insulates you from electricity.
   It lets you see invisible.
 G - a +4 large shield of cold resistance (worn)
 J - the +8 crystal plate armour "Adarph" (worn) {rElec rC- rCorr Int+6}
   (You found it in a treasure trove)

   It affects your intelligence (+6).
   It makes you vulnerable to cold.
   It insulates you from electricity.
   It protects you from acid and corrosion.
 U - the +0 pair of gloves "Jakakiw" (worn) {rPois rN+ Dex+2}
   (You bought it in a shop on level 3 of the Vaults)

   It affects your dexterity (+2).
   It protects you from poison.
   It protects you from negative energy.
 Y - a +2 pair of boots of running (worn)
Jewellery
 e - a +6 ring of strength (left hand)
 y - the ring "Heypsu" (right hand) {rC- rN+ Str+6 Int+2 Stlth+}
   (You found it on level 3 of the Crypt)

   [ring of positive energy]

   It affects your strength (+6).
   It affects your intelligence (+2).
   It makes you vulnerable to cold.
   It protects you from negative energy.
   It makes you more stealthy.
 C - the amulet "Enlowec" {Spirit Str+4 Stlth+}
   (You found it on level 7 of Gehenna)

   [amulet of guardian spirit]

   It causes incoming damage to be split between your health and magic.
   It affects your strength (+4).
   It makes you more stealthy.
 L - the ring of Hyrro {rPois rC+++ rN+ Dex-3 Slay-4}
   (You found it on level 2 of the Realm of Zot)

   [ring of positive energy]

   It affects your dexterity (-3).
   It affects your accuracy and damage with ranged weapons and melee attacks
   (-4).
   It renders you almost immune to cold.
   It protects you from poison.
   It protects you from negative energy.
 N - the ring of Xom's Fair Game {rElec rF- rC+ rN+}
   (You found it on level 3 of the Crypt)

   [ring of positive energy]

   It makes you vulnerable to fire.
   It protects you from cold.
   It insulates you from electricity.
   It protects you from negative energy.
 R - the ring of Rynwun {+Fly rElec rN+}
   (You found it on level 3 of the Crypt)

   [ring of positive energy]

   It insulates you from electricity.
   It protects you from negative energy.
   It lets you fly.
 T - the amulet of the Three Beds (around neck) {rF++ MR+ Regen+ Dex+4}
   (You acquired it on level 2 of the Vaults)

   [amulet of regeneration]

   It affects your dexterity (+4).
   It greatly protects you from fire.
   It affects your resistance to hostile enchantments.
   It increases your rate of regeneration.
 X - the ring of Utuguosu {+Fly Str+3}
   (You took it off a deep elf demonologist on level 3 of the Elven Halls)

   [ring of flight]

   It affects your strength (+3).
   It lets you fly.
 Z - the ring of Qustreuff {rN+ Int+2 SInv}
   (You took it off a deep elf demonologist on level 3 of the Elven Halls)

   [ring of intelligence]

   It affects your intelligence (+2).
   It protects you from negative energy.
   It lets you see invisible.
Wands
 b - a wand of acid (5/15)
 B - a wand of iceblast (3/15)
 H - a wand of flame (24/48)
 I - a wand of lightning (8/15)
 M - a wand of digging (24/24)
 O - a wand of clouds (3/9)
 Q - a wand of scattershot (3/9)
Scrolls
 d - 4 scrolls of enchant weapon
 h - 7 scrolls of fear
 k - 22 scrolls of teleportation
 l - 26 scrolls of remove curse
 v - 9 scrolls of blinking
 x - 2 scrolls of magic mapping
 A - 6 scrolls of recharging
 K - 3 scrolls of identify
 P - 4 scrolls of holy word
 V - 8 scrolls of fog
 W - a scroll of silence
Potions
 f - 11 potions of might
 i - 19 potions of curing
 j - a potion of invisibility
 m - 5 potions of haste
 n - 14 potions of brilliance
 o - 9 potions of lignification
 p - a potion of resistance
 w - 3 potions of magic
 z - 4 potions of cancellation
 E - 6 potions of heal wounds
Comestibles
 c - 26 bread rations
 u - 30 meat rations


   Skills:
 O Level 27 Fighting
 O Level 27 Axes
 O Level 27 Armour
 + Level 15.0 Dodging
 + Level 25.5 Shields
 + Level 16.1 Evocations


You had 26 spell levels left.
You didn't know any spells.

Dungeon Overview and Level Annotations

Branches:
Dungeon (15/15)            Temple (0/1) D:6            Lair (6/6) D:9
 Shoals (4/4) Lair:4        Snake (4/4) Lair:4        Slime (5/5) Lair:6
    Orc (2/2) D:10            Elf (3/3) Orc:2        Vaults (5/5) D:13
  Crypt (3/3) Vaults:2       Tomb (1/3) Crypt:3      Depths (5/5) D:15
   Hell (1/1)                 Dis (0/7) Hell            Geh (7/7) Hell
    Coc (0/7) Hell            Tar (7/7) Hell            Zot (5/5) Depths:5

Altars:
Ashenzari
Cheibriados
Dithmenos
Elyvilon
Gozag
Hepliaklqana
Nemelex Xobeh
Okawaru
Qazlal
Ru
Sif Muna
Uskayaw
Vehumet
Wu Jian
Xom
Yredelemnul
Beogh

Shops:
D:8 !*   D:10 :   D:15 }   Orc:2 !:*[(   Elf:1 :[   Elf:3 (([%!   Vaults:2 ?
Vaults:3 [   Vaults:5 :   Depths:2 %*   Depths:5 ==}=

Portals:
Hell: Depths:1 Depths:2 Depths:3 Depths:4 Depths:5
Abyss: Depths:4
Pandemonium: Depths:1 Depths:3
Ziggurat: Depths:1

Annotations:
Geh:7 Asmodeus
Zot:3 1 transporter


Innate Abilities, Weirdness & Mutations

You are resistant to torment.
Your stone body is resilient. (AC +20)
You are immune to poison.
Your large and strong wings let you fly indefinitely.
You resist negative energy. (rN+)
You are resistant to electric shocks. (rElec)
You can survive without breathing.
You are immune to petrification.
You are immune to rotting.
You have sharp toenails.
You have a somewhat thin skeletal structure. (Dex +2, Stealth)
You are clumsy. (Dex -2)
Your body sometimes deteriorates upon taking damage.
Your flesh is heat resistant. (rF+)
You are somewhat resistant to further mutation.
You occasionally shout uncontrollably at your foes.
Potions are less effective at restoring your health.
Your spells are a little easier to cast, but a little less powerful.
You expend magic power (3 MP) to strengthen your wands.


Message History

Your troll dies!
Your troll's corpse disappears in a puff of smoke!
Your deep troll is engulfed in blazing flames.
Your deep troll barely misses Asmodeus.
Your deep troll completely misses Asmodeus.
Your deep troll claws Asmodeus!
The hellion gestures at the Brimstone Fiend.
The sphere of damnation explodes!
The damnation engulfs the Brimstone Fiend.
The Brimstone Fiend completely resists.
The damnation engulfs you!
* * * LOW HITPOINT WARNING * * *
The damnation engulfs your deep troll.
The damnation engulfs Asmodeus.
Asmodeus completely resists.
Asmodeus gestures at you.
The sphere of damnation explodes!
The damnation engulfs your deep troll.
Your deep troll dies!
Your deep troll's corpse disappears in a puff of smoke!
The damnation engulfs the Brimstone Fiend.
The Brimstone Fiend completely resists.
The damnation engulfs you!
You die...

*********#######*****************
§§≈§≈≈≈≈§§§§§§§≈≈§≈≈≈≈≈≈≈≈≈≈≈≈≈≈≈
§§≈≈≈≈≈≈§§§§≈≈≈≈§§≈≈≈≈≈≈≈≈≈≈≈≈≈≈≈
§≈≈≈≈§≈≈≈≈§§#####****************
≈≈≈≈≈≈§§≈≈≈####### ****#**
###≈≈≈§≈§§###...@## *,&§2,*
..#≈≈≈43§§##....§1######§§§§,****
.)#########..#..#&.#§§....#,,,,,,
..')..)...+.......§2.§..§#**,,,,,
).#########..#..#.§#......#,,,,,,
.##≈≈≈3≈3≈##......######....,****
##≈≈≈3≈≈≈≈###....## *,...,*
#§≈≈≈4≈≈≈≈≈####### ****#**
§§§≈≈§§≈§≈≈≈#####****************


You could see Asmodeus, a Brimstone Fiend and a hellion.

Vanquished Creatures
  Ereshkigal (Tar:7)
  Mara (Depths:2)
  5 orbs of fire
  14 ancient liches
  A greater mummy (Tomb:1)
  Sojobo (Crypt:2)
  The ghost of arkorax the Slayer, a legendary DEBe of Trog (Zot:5)
  3 Killer Klowns (Zot:5)
  Geryon (Hell)
  2 curse toes
  Xtahua (Vaults:5)
  17 golden dragons
  Saint Roka (Vaults:5)
  13 doom hounds
  10 Brimstone Fiends
  10 bone dragons
  Jorgrun (Vaults:4)
  8 liches
  4 electric golems
  39 Tzitzimimeh
  A hellephant (Hell)
  25 Orb Guardians (Zot:5)
  10 tentacled monstrosities
  2 titans (Vaults:5)
  Asterion (Snake:2)
  4 deep elf blademasters
  15 acid blobs
  4 quicksilver dragons
  13 sphinxes
  The ghost of GordonOverkill the Devastator, an adept GrFE of Vehumet (Shoals:2)
  2 deep elf master archers (Elf:3)
  A kraken (Shoals:1)
  8 death cobs
  2 ancient champions
  3 eldritch tentacles
  13 storm dragons
  A revenant (Crypt:2)
  33 shadow dragons
  4 draconian monks
  8 azure jellies
  9 tengu reavers
  6 nagarajas
  Donald (Snake:2)
  Ilsuiw (Shoals:4)
  9 fire giants
  7 iron dragons
  4 draconian scorchers
  13 vault wardens
  3 ghost moths
  16 balrugs
  2 cacodemons (Hell)
  3 draconian knights
  10 deep elf sorcerers
  5 deep elf elementalists
  An orc warlord (Orc:2)
  9 frost giants
  4 draconian shifters
  A juggernaut zombie (Crypt:2)
  7 ghouls
  7 war gargoyles
  3 draconian stormcallers
  29 reapers
  4 draconian annihilators
  5 deep elf demonologists (Elf:3)
  18 ironheart preservers
  6 very ugly things
  8 vampire knights
  22 stone giants
  A large abomination (Elf:3)
  9 green draconians
  3 entropy weavers
  4 bennus (Tomb:1)
  Azrael (Snake:2)
  10 deep elf annihilators
  9 white draconians
  14 red draconians
  11 black draconians
  8 purple draconians
  8 yellow draconians
  Snorg (Orc:1)
  9 death oozes (Slime:5)
  5 merfolk javelineers
  3 crystal guardians (Crypt:3)
  4 deep elf death magi
  13 fire dragons
  13 great orbs of eyes
  A minotaur (Lab)
  7 mummy priests (Tomb:1)
  14 ettins
  4 quicksilver dragon zombies
  15 yaktaur captains
  18 jiangshi
  13 merfolk impalers
  5 rakshasas
  7 deep elf high priests
  13 ogre magi
  37 vault guards
  2 catoblepae
  18 naga warriors
  4 hydras
  The ghost of soonmide the Transmogrifier, a journeyman MfTm of Uskayaw (Lair:2)
  6 ghost crabs
  2 anacondas (shapeshifter)
  2 quicksilver dragon skeletons
  A satyr (Shoals:3)
  8 ice dragons
  4 centaur warriors
  4 merfolk avatars
  36 dancing weapons
  9 anacondas
  9 merfolk aquamancers
  2 death knights
  5 deep troll shamans
  5 deep troll earth magi
  4 tengu warriors
  13 death yaks
  42 two-headed ogres
  6 orc high priests
  10 vampire magi
  7 hell hogs (Geh:1)
  6 titan zombies
  6 shock serpents
  28 soul eaters
  11 sun demons
  2 spriggan berserkers (Depths:4)
  13 naga sharpshooters
  2 spriggans (Depths:4)
  21 deep elf knights
  32 hell knights
  An iron golem (Hell)
  7 storm dragon zombies
  14 shadow wraiths
  4 titan skeletons
  A sixfirhy (Hell)
  An entropy weaver zombie (Crypt:2)
  120 skeletal warriors
  A spectral anaconda (Depths:3)
  3 spark wasp zombies (Hell)
  3 golden dragon zombies
  2 death drakes
  8 salamander mystics
  A fire crab (shapeshifter) (Depths:2)
  2 small abominations (Elf:3)
  An unseen horror (shapeshifter) (Vaults:2)
  7 unseen horrors
  15 deep trolls
  4 storm dragon skeletons
  11 sea snakes
  A deep troll (shapeshifter) (Vaults:4)
  5 iron trolls
  8 naga ritualists
  A quicksilver dragon simulacrum (Tar:4)
  18 shadow demons
  4 glowing orange brains (Depths:3)
  15 flayed ghosts
  4 anaconda zombies
  2 orange crystal statues (Depths:3)
  An iron giant skeleton (Crypt:1)
  10 deep elf archers
  5 wizards
  5 lindwurms
  A golden dragon skeleton (Tar:1)
  13 ironbrand convokers
  3 shadow dragon zombies
  23 harpies
  2 anaconda skeletons (Hell)
  24 phantasmal warriors
  18 mana vipers
  3 wolf spider zombies
  10 shadow dragon skeletons
  2 shining eyes
  26 necromancers
  3 wolf spiders
  2 cyclopes (shapeshifter)
  An orb spider (shapeshifter) (Depths:4)
  47 ugly things
  9 orc sorcerers
  69 deep elf magi
  16 manticores
  7 fire giant zombies
  14 orc knights
  10 cyclopes
  22 salamanders
  6 oklob plants
  2 stone giant zombies
  2 manticores (shapeshifter)
  20 fauns
  15 moths of wrath
  An elephant (shapeshifter) (Depths:5)
  A salamander (shapeshifter) (Depths:1)
  Maurice (Orc:1)
  3 iron dragon skeletons
  3 iron dragon zombies
  5 fire giant skeletons
  6 frost giant zombies
  A guardian serpent (shapeshifter) (Vaults:2)
  2 centaur zombies
  15 naga magi
  4 water nymphs
  An ice statue (IceCv)
  13 elephants
  18 vault sentinels
  8 rust devils
  2 dire elephant zombies
  3 molten gargoyles
  8 merfolk sirens
  2 smoke demons (Geh:1)
  28 black mambas
  4 guardian serpents
  Joseph (D:8)
  6 frost giant skeletons
  A gargoyle (D:13)
  A stone giant skeleton (Tar:5)
  2 eyes of devastation
  3 orange demons (Hell)
  A storm dragon simulacrum (Crypt:1)
  A shock serpent skeleton (Geh:7)
  11 spiny frogs
  A dire elephant skeleton (Geh:7)
  4 centaur skeletons
  A yaktaur zombie (Hell)
  2 torpor snails (Lair:6)
  4 rime drakes (Lair:6)
  A catoblepas zombie (Tar:6)
  3 spriggan zombies (Hell)
  A kobold demonologist (Depths:4)
  5 spectral swamp worms (Depths:2)
  41 yaktaurs
  20 tormentors
  14 hellions
  A green draconian zombie (Crypt:2)
  5 hellwings (Depths:1)
  2 tengu conjurers (D:15)
  3 komodo dragons
  An anaconda simulacrum (Crypt:1)
  5 efreet (Geh:7)
  25 freezing wraiths
  2 catoblepas skeletons
  A demonic crawler (Hell)
  2 emperor scorpion zombies
  A harpy zombie (Tar:1)
  4 spectral merfolk (Depths:3)
  5 guardian mummies (Tomb:1)
  16 red devils
  10 ice devils
  7 hydra zombies
  18 polar bears
  A wolf spider simulacrum (D:15)
  2 jumping spiders
  33 merfolk
  4 hydra skeletons
  6 silent spectres
  2 wind drakes
  Prince Ribbit (D:8)
  6 fire dragon zombies
  14 trolls
  7 hornets
  A hornet (shapeshifter) (Vaults:4)
  2 raiju (Depths:3)
  A jumping spider zombie (Crypt:1)
  A bog body (Crypt:1)
  A harpy skeleton (Crypt:3)
  A blink frog (shapeshifter) (Vaults:2)
  20 dream sheep
  An ice dragon zombie (Crypt:2)
  13 blink frogs
  2 alligator zombies
  A deep troll zombie (Hell)
  52 slime creatures
  7 snapping turtles
  A sphinx simulacrum (Vaults:1)
  2 elf zombies
  2 air elementals
  18 hippogriffs
  98 flying skulls
  8 ettin zombies
  2 alligator skeletons
  3 redbacks (Vaults:5)
  A redback (shapeshifter) (Vaults:5)
  6 vampires
  2 ice dragon skeletons
  4 wyverns
  2 black mamba zombies
  2 fire dragon skeletons
  19 water elementals
  A human (shapeshifter) (Vaults:2)
  26 wraiths
  3 ettin skeletons
  53 yaks
  31 shadows
  6 ushabtiu (Tomb:1)
  27 fire elementals
  Grum (D:8)
  A dire elephant simulacrum (Tomb:1)
  3 fire bats (Geh:5)
  2 basilisks
  A golden eye (shapeshifter) (Vaults:1)
  8 hungry ghosts
  3 black mamba skeletons
  2 vampire mosquitoes
  Menkaure (D:4)
  A merfolk zombie (Tar:6)
  15 wargs
  Edmund (D:4)
  3 acid dragons (Vaults:1)
  65 nagas
  A spatial vortex (Geh:7)
  A torturous demonspawn skeleton (Crypt:1)
  4 spiny frog zombies
  A soldier ant (D:13)
  2 floating eyes
  A merfolk skeleton (Tar:3)
  3 spectral spriggans (Depths:3)
  10 water moccasins
  2 hydra simulacra (Depths:3)
  29 hell hounds
  8 porcupines
  A two-headed ogre skeleton (Crypt:1)
  A blink frog zombie (Crypt:2)
  A lindwurm zombie (Crypt:1)
  58 orc warriors
  A fire dragon simulacrum (Crypt:1)
  12 phantoms
  5 sky beasts
  The ghost of mhoghedin the Sneak, an amateur FeVM (D:3)
  A black bear (Lair:4)
  13 ice beasts
  3 manticore zombies
  3 swamp dragon zombies
  12 centaurs
  33 ogres
  42 necrophages
  A tengu (shapeshifter) (Vaults:5)
  31 wolves
  A boggart (shapeshifter) (D:15)
  11 boggarts
  3 snapping turtle skeletons
  2 snapping turtle zombies
  An eye of draining (Slime:5)
  2 swamp dragon skeletons
  10 crocodiles
  7 big kobolds
  24 bullfrogs
  A human skeleton (Vaults:3)
  A hippogriff skeleton (Crypt:2)
  3 earth elementals
  5 scorpions
  2 troll zombies
  9 killer bees
  An oklob sapling (D:11)
  3 electric eels
  A manticore simulacrum (Tar:4)
  9 spectral ogres (Depths:3)
  A spriggan skeleton (Crypt:1)
  39 wights
  5 howler monkeys
  A spectral centaur (Depths:3)
  12 crimson imps
  A bullfrog zombie (D:13)
  A quasit (D:6)
  4 jellies
  2 iron imps (Hell)
  A wyvern simulacrum (D:9)
  A human zombie (Geh:5)
  23 orc priests
  10 hounds
  36 orc wizards
  2 bullfrog skeletons
  Ijyb (D:3)
  14 worker ants
  Natasha (thrice) (D:2)
  5 iguanas
  11 hell rats
  A spriggan simulacrum (Depths:3)
  A big kobold zombie (Crypt:1)
  An ogre zombie (Geh:7)
  A big kobold skeleton (Crypt:1)
  A naga skeleton (Tar:1)
  2 hound skeletons
  9 mummies (Tomb:1)
  A worker ant zombie (D:6)
  2 howler monkey skeletons (D:11)
  16 adders
  28 shadow imps
  3 oozes
  An adder skeleton (D:5)
  2 worms
  3 dart slugs
  4 leopard geckos
  104 orcs
  5 bats
  9 giant cockroaches
  7 goblins
  4 hobgoblins
  14 jackals
  19 kobolds
  7 quokkas
  7 ball pythons
  10 frilled lizards
  A jackal skeleton (D:4)
  A kobold skeleton (Crypt:2)
  A kobold zombie (Tar:1)
  An orc skeleton (Tar:4)
  A quokka skeleton (D:5)
  2 rats
  5 crawling corpses (Elf:3)
  A fire vortex (Geh:1)
  7 fungi
  22 plants
  3 tentacles (Shoals:1)
3555 creatures vanquished.

Vanquished Creatures (collateral kills)
  the Royal Jelly (Slime:5)
  2 nagarajas (Snake:4)
  A slime creature (D:15)
  3 hydras
  2 naga sharpshooters (Snake:4)
  An orc knight (Vaults:1)
  An ugly thing (D:15)
  An elephant (Lair:6)
  A naga mage (Snake:2)
  A spiny frog (Lair:4)
  A polar bear (Lair:5)
  A hippogriff (Lair:3)
  A yak (Lair:3)
  2 nagas (Snake:4)
  3 orc warriors (Orc:2)
  A water moccasin (D:9)
  2 ogres (Vaults:1)
  A crocodile (Lair:5)
  3 orcs (Orc:2)
29 creatures vanquished.

Vanquished Creatures (others)
  A deep elf sorcerer (Vaults:3)
  A deep elf high priest (Elf:3)
  A hell hog (Geh:1)
  A hell knight (Depths:4)
  A storm dragon zombie (Tar:6)
  A shadow wraith (Crypt:2)
  A moth of wrath (Zot:5)
  2 black mambas
  An air elemental (Elf:1)
  A wraith (Tar:6)
  2 boggarts
  2 wights (Geh:1)
  An orc wizard (Orc:2)
  An adder (D:11)
  A bush (D:11)
  A crawling corpse (Elf:3)
  15 fungi
  35 plants
  7 tentacles (Shoals:1)
76 creatures vanquished.

Grand Total: 3660 creatures vanquished

Notes
Turn   | Place    | Note
-------+----------+-------------------------------------------
     0 | D:1      | zero the Gargoyle Berserker began the quest for the Orb.
     0 | D:1      | Reached XP level 1. HP: 14/14 MP: 1/1
   143 | D:1      | Reached XP level 2. HP: 13/19 MP: 2/2
   888 | D:2      | Noticed Natasha
   903 | D:2      | Killed Natasha
   903 | D:2      | Reached XP level 3. HP: 18/24 MP: 3/3
   986 | D:2      | Found a white marble altar of Elyvilon.
  1067 | D:2      | Found a stormy altar of Qazlal.
  1127 | D:2      | Reached XP level 4. HP: 25/29 MP: 4/4
  1135 | D:2      | Noticed Natasha
  1141 | D:2      | Reached ** piety under Trog
  1150 | D:2      | Killed Natasha
  1318 | D:2      | Found a shattered altar of Ashenzari.
  1319 | D:2      | Found an opulent altar of Gozag.
  1321 | D:2      | Found an ornate altar of the Wu Jian Council.
  1473 | D:2      | Noticed Natasha
  1480 | D:2      | Killed Natasha
  1480 | D:2      | Reached XP level 5. HP: 21/33 MP: 5/5
  1805 | D:3      | Noticed Ijyb
  1833 | D:3      | Killed Ijyb
  1887 | D:3      | Noticed mhoghedin's ghost (amateur FeVM)
  1899 | D:3      | Killed mhoghedin's ghost
  1899 | D:3      | Reached XP level 6. HP: 35/39 MP: 6/6
  2154 | D:3      | Found a faded altar of an unknown god.
  2246 | D:3      | Found a shimmering altar of Xom.
  2247 | D:3      | Found a shimmering altar of Xom.
  2247 | D:3      | Found a shimmering altar of Xom.
  2251 | D:3      | Found a shimmering altar of Xom.
  2327 | D:3      | Found a hazy altar of Hepliaklqana.
  2350 | D:3      | Found a basalt altar of Yredelemnul.
  2572 | D:4      | Noticed Menkaure
  2583 | D:4      | Killed Menkaure
  2583 | D:4      | Reached skill level 5 in Fighting
  2583 | D:4      | Reached skill level 5 in Axes
  2583 | D:4      | Reached XP level 7. HP: 19/44 MP: 7/7
  3065 | D:4      | Found a snail-covered altar of Cheibriados.
  3419 | D:4      | Noticed Edmund
  3433 | D:4      | Killed Edmund
  3433 | D:4      | Reached *** piety under Trog
  3978 | D:5      | Entered Level 5 of the Dungeon
  4010 | D:5      | Reached skill level 5 in Armour
  4198 | D:5      | Reached XP level 8. HP: 38/51 MP: 8/8
  4669 | D:5      | Gained mutation: You expend magic power (3 MP) to strengthen your wands. [potion of mutation]
  4669 | D:5      | Gained mutation: Your large and strong wings let you fly indefinitely. [potion of mutation]
  4690 | D:5      | Found a runed door.
  4703 | D:5      | Found a runed door.
  5286 | D:5      | Reached XP level 9. HP: 56/56 MP: 9/9
  5287 | D:5      | Reached **** piety under Trog
  5575 | D:6      | Found a shadowy altar of Dithmenos.
  6374 | D:6      | Found a staircase to the Ecumenical Temple.
  6714 | D:7      | HP: 2/59 [centaur/arrow (7)]
  7195 | D:7      | Found a sacrificial altar of Ru.
  7467 | D:8      | Found Ronugoem's Assorted Antiques.
  7565 | D:8      | Reached XP level 10. HP: 64/64 MP: 10/10
  7747 | D:8      | Noticed a two-headed ogre
  7756 | D:8      | HP: 2/97 [two-headed ogre/giant club (12)]
  7758 | D:8      | Killed a two-headed ogre
  7772 | D:8      | Noticed Prince Ribbit
  8102 | D:8      | Found Rilemead's Distillery.
  8139 | D:8      | Noticed Grum
  8145 | D:8      | Killed Grum
  8145 | D:8      | Reached skill level 10 in Axes
  8149 | D:8      | Killed Prince Ribbit
  8258 | D:8      | Found an iron altar of Okawaru.
  8260 | D:8      | Found a hide-covered altar of Uskayaw.
  8364 | D:8      | Noticed Joseph
  8367 | D:8      | Found a radiant altar of Vehumet.
  8387 | D:8      | Killed Joseph
  9239 | D:9      | Reached XP level 11. HP: 70/71 MP: 11/11
  9248 | D:9      | Found a staircase to the Lair.
  9264 | D:9      | Reached ***** piety under Trog
  9629 | D:9      | Found a sparkling altar of Nemelex Xobeh.
  9765 | D:9      | Found a deep blue altar of Sif Muna.
 10169 | Lair:1   | Entered Level 1 of the Lair of Beasts
 10345 | Lair:1   | Reached skill level 10 in Fighting
 11346 | Lair:2   | Reached skill level 10 in Armour
 11752 | Lair:2   | Noticed soonmide's ghost (journeyman MfTm)
 11773 | Lair:2   | Killed soonmide's ghost
 11904 | Lair:2   | Reached XP level 12. HP: 79/79 MP: 12/12
 12066 | Lair:2   | Reached XP level 13. HP: 85/85 MP: 13/13
 14066 | Lair:4   | Found a staircase to the Shoals.
 14092 | Lair:4   | Received a gift from Trog
 14616 | Lair:4   | Found a staircase to the Snake Pit.
 15536 | Lair:5   | Mutation became permanent: Your large and strong wings let you fly indefinitely. [Gargoyle growth]
 15536 | Lair:5   | Gained mutation: Your large and strong wings let you fly indefinitely. [Gargoyle growth]
 15536 | Lair:5   | Reached XP level 14. HP: 92/92 MP: 14/14
 16441 | Lair:6   | Entered Level 6 of the Lair of Beasts
 16496 | Lair:6   | Reached skill level 15 in Axes
 18097 | Lair:6   | Found a staircase to the Slime Pits.
 18444 | Lair:6   | Received a gift from Trog
 18473 | Lair:6   | Got a crystal battleaxe {god gift}
 18475 | Lair:6   | Identified the +6 battleaxe of Buwk {drain, +Rage MR++} (Trog gifted it to you on level 6 of the Lair of Beasts)
 18911 | Lair:6   | Reached XP level 15. HP: 90/100 MP: 15/15
 19351 | D:10     | Entered Level 10 of the Dungeon
 19461 | D:10     | Found Helixom's Book Shop.
 19487 | D:10     | Gained mutation: Your flesh is heat resistant. (rF+) [mutagenic meat]
 19488 | D:10     | Gained mutation: Your spells are a little easier to cast, but a little less powerful. [mutagenic meat]
 19489 | D:10     | Gained mutation: You have sharp toenails. [mutagenic meat]
 19490 | D:10     | Gained mutation: You have a somewhat thin skeletal structure. (Dex +2, Stealth) [mutagenic meat]
 19491 | D:10     | Gained mutation: You are somewhat resistant to further mutation. [mutagenic meat]
 19550 | D:10     | Found a staircase to the Orcish Mines.
 19870 | D:11     | Received a gift from Trog
 22328 | D:13     | Found a gate to the Vaults.
 22342 | D:13     | Received a gift from Trog
 23419 | D:14     | Reached skill level 15 in Fighting
 23906 | D:15     | Entered Level 15 of the Dungeon
 23910 | D:15     | Found Siag Kic's Gadget Boutique.
 23938 | D:15     | Reached XP level 16. HP: 108/108 MP: 0/16
 24088 | D:15     | Reached skill level 15 in Armour
 24937 | D:15     | Found a staircase to the Depths.
 24944 | D:15     | Reached XP level 17. HP: 113/113 MP: 5/17
 25158 | Orc:1    | Entered Level 1 of the Orcish Mines
 25158 | Orc:1    | Noticed Snorg
 25170 | Orc:1    | Killed Snorg
 25186 | Orc:1    | Found a roughly hewn altar of Beogh.
 25271 | Orc:2    | Entered Level 2 of the Orcish Mines
 25275 | Orc:2    | Found a labyrinth entrance.
 25284 | Lab      | Entered a labyrinth
 25691 | Orc:2    | Reached ****** piety under Trog
 25844 | Orc:1    | Found a frozen archway.
 25862 | IceCv    | Entered an ice cave
 25951 | IceCv    | Received a gift from Trog
 26530 | Orc:1    | Noticed Maurice
 26580 | Orc:1    | Killed Maurice
 26793 | Orc:2    | Found Bimm's Distillery.
 27079 | Orc:2    | Found a staircase to the Elven Halls.
 27166 | Orc:2    | Received a gift from Trog
 27623 | Orc:2    | Found Isaoq's General Store.
 27624 | Orc:2    | Found Tasiuc's Book Boutique.
 27625 | Orc:2    | Found Luups's Antique Armour Shop.
 27625 | Orc:2    | Found Wuywaf's Antique Weapon Shop.
 27629 | Orc:2    | Bought a pair of boots for 139 gold pieces
 27644 | Orc:2    | Bought a scroll of brand weapon for 320 gold pieces
 27876 | Snake:1  | Entered Level 1 of the Snake Pit
 28119 | Snake:1  | Reached XP level 18. HP: 88/121 MP: 18/18
 29014 | Snake:1  | Reached skill level 1 in Shields
 29016 | Snake:1  | Received a gift from Trog
 29708 | Snake:2  | Noticed Donald
 29730 | Snake:2  | Killed Donald
 30017 | Snake:2  | Noticed Azrael
 30033 | Snake:2  | Killed Azrael
 30619 | Snake:2  | Found a hazy altar of Hepliaklqana.
 30648 | Snake:2  | Noticed Asterion
 30668 | Snake:2  | Reached skill level 5 in Shields
 30868 | Snake:2  | Killed Asterion
 31427 | Snake:3  | Received a gift from Trog
 32396 | Snake:4  | Entered Level 4 of the Snake Pit
 33151 | Snake:4  | Reached XP level 19. HP: 102/128 MP: 19/19
 33211 | Snake:4  | Received a gift from Trog
 34031 | Snake:4  | Received a gift from Trog
 34621 | Snake:4  | Got a serpentine rune of Zot
 35022 | Vaults:1 | Entered Level 1 of the Vaults
 36266 | Vaults:1 | Received a gift from Trog
 36305 | Vaults:1 | Identified a scroll of acquirement
 36345 | Vaults:1 | Found a portal to a secret trove of treasure.
 36602 | Orc:2    | Bought a book of Annihilations for 1435 gold pieces
 36819 | Vaults:1 | You paid a toll of a book of Annihilations to enter a treasure trove
 36820 | Trove    | Entered a treasure trove
 36828 | Trove    | Got a pitted crystal plate armour
 36852 | Trove    | Identified the +8 crystal plate armour "Adarph" {rElec rC- rCorr Int+6} (You found it in a treasure trove)
 36874 | Trove    | Identified a +1 pair of boots of running (You found it in a treasure trove)
 36919 | Trove    | Got a bloodstained buckler
 36935 | Vaults:1 | Identified the +1 buckler of Duty {rC++ MR+ rCorr} (You found it in a treasure trove)
 37016 | Vaults:1 | Reached skill level 10 in Shields
 37244 | Vaults:1 | Reached XP level 20. HP: 136/136 MP: 20/20
 37392 | Vaults:1 | Received a gift from Trog
 38063 | Vaults:2 | Found Tilodghe's Magic Scroll Emporium.
 38144 | Vaults:2 | Bought a scroll of enchant weapon for 135 gold pieces
 38144 | Vaults:2 | Bought a scroll of acquirement for 936 gold pieces
 38145 | Vaults:2 | Got a glittering iron amulet
 38146 | Vaults:2 | Identified the amulet of the Three Beds {rF++ MR+ Regen+ Dex+4} (You acquired it on level 2 of the Vaults)
 38720 | Vaults:2 | Received a gift from Trog
 38960 | Vaults:2 | Found a staircase to the Crypt.
 40056 | Vaults:3 | Received a gift from Trog
 40056 | Vaults:3 | Reached XP level 21. HP: 142/142 MP: 21/21
 40444 | Vaults:3 | Found Cikeusch's Antique Armour Emporium.
 40452 | Vaults:3 | Bought a pair of dazzling gloves for 361 gold pieces
 40452 | Vaults:3 | Bought a runed robe for 140 gold pieces
 40463 | Vaults:3 | Identified the +0 pair of gloves "Jakakiw" {rPois rN+ Dex+2} (You bought it in a shop on level 3 of the Vaults)
 40825 | Vaults:4 | Received a gift from Trog
 41773 | Vaults:5 | Entered Level 5 of the Vaults
 41781 | Vaults:5 | Noticed a golden dragon
 41811 | Vaults:5 | Received a gift from Trog
 41812 | Vaults:5 | Noticed an ancient lich
 41814 | Vaults:5 | Killed a golden dragon
 41823 | Vaults:5 | Noticed Jorgrun
 41836 | Vaults:5 | Killed an ancient lich
 41836 | Vaults:5 | Reached skill level 15 in Shields
 41847 | Vaults:4 | Reached XP level 22. HP: 149/149 MP: 22/22
 41849 | Vaults:4 | Killed Jorgrun
 42039 | Vaults:5 | Noticed a golden dragon
 42050 | Vaults:5 | Noticed Xtahua
 42057 | Vaults:5 | Killed a golden dragon
 42059 | Vaults:5 | Noticed Saint Roka
 42065 | Vaults:5 | Killed Xtahua
 42116 | Vaults:5 | Killed Saint Roka
 42167 | Vaults:5 | Found Omelar's Book Shop.
 42271 | Vaults:5 | Received a gift from Trog
 42842 | Vaults:5 | Received a gift from Trog
 43040 | Vaults:5 | Reached XP level 23. HP: 117/156 MP: 15/23
 43067 | Vaults:5 | Got a silver rune of Zot
 43144 | Vaults:5 | Noticed a golden dragon
 43153 | Vaults:5 | Killed a golden dragon
 43844 | Shoals:1 | Entered Level 1 of the Shoals
 43934 | Shoals:1 | Received a gift from Trog
 44584 | Shoals:1 | Found an iron altar of Okawaru.
 44850 | Shoals:2 | Noticed GordonOverkill's ghost (adept GrFE)
 44902 | Shoals:2 | Killed GordonOverkill's ghost
 44958 | Shoals:2 | Got a brightly glowing helmet
 44959 | Shoals:2 | Identified the +2 helmet of Youthful Indiscretion {rCorr Int+2 Stlth+} (You found it on level 2 of the Shoals)
 45330 | Shoals:2 | Received a gift from Trog
 46345 | Shoals:3 | Received a gift from Trog
 46366 | Shoals:4 | Entered Level 4 of the Shoals
 46420 | Shoals:4 | Noticed Ilsuiw
 46444 | Shoals:4 | Killed Ilsuiw
 47076 | Shoals:4 | Got a barnacled rune of Zot
 47237 | Shoals:4 | Received a gift from Trog
 47759 | Depths:1 | Entered Level 1 of the Depths
 47897 | Depths:1 | Reached XP level 24. HP: 163/164 MP: 20/23
 47909 | Depths:1 | Found a gateway to Hell.
 47940 | Depths:1 | Found a gateway to a ziggurat.
 47991 | Depths:1 | Found a sparkling altar of Nemelex Xobeh.
 48295 | Depths:1 | Found a one-way gate leading to the halls of Pandemonium.
 48662 | Depths:1 | Received a gift from Trog
 49155 | Depths:2 | Found Gyorph's Food Emporium.
 49257 | Depths:2 | Found the +8 Wrath of Trog {antimagic, *Rage}
 49280 | Depths:2 | Found Batexten's Pet Rocks.
 49439 | Depths:2 | Noticed Mara
 49452 | Depths:2 | Killed Mara
 49782 | Depths:3 | Received a gift from Trog
 50142 | Depths:3 | Paralysed by a floating eye for 2 turns
 50437 | Depths:3 | Received a gift from Trog
 50764 | Depths:3 | Noticed an ancient lich
 50788 | Depths:3 | Killed an ancient lich
 51061 | Depths:4 | Reached XP level 25. HP: 171/171 MP: 23/23
 51396 | Depths:4 | Got an ancient helmet
 51397 | Depths:4 | Identified the cursed +0 helmet "Uduwemaj" {rC+} (You found it on level 4 of the Depths)
 51838 | Depths:4 | Found a one-way gate to the infinite horrors of the Abyss.
 52184 | Depths:5 | Entered Level 5 of the Depths
 52184 | Depths:5 | Found Ofror's Jewellery Shop.
 52204 | Depths:5 | Received a gift from Trog
 52457 | Depths:5 | Found Votaolucag's Gadget Boutique.
 52457 | Depths:5 | Found Fuint's Jewellery Emporium.
 52489 | Depths:5 | Found Poseagg's Jewellery Emporium.
 52561 | Depths:5 | Found a gate to the Realm of Zot.
 52648 | Depths:5 | Found an iron altar of Okawaru.
 53222 | Elf:1    | Entered Level 1 of the Elven Halls
 53229 | Elf:1    | Received a gift from Trog
 53620 | Elf:1    | Found Buuvejid's Armour Shoppe.
 53620 | Elf:1    | Found Kaipn's Book Emporium.
 53630 | Elf:1    | Bought the +1 cloak of Heresy {rElec rPois Str+3 Stlth+} for 662 gold pieces
 53712 | Elf:1    | Received a gift from Trog
 54574 | Elf:2    | Found a runed gate.
 54574 | Elf:2    | Found a runed gate.
 54574 | Elf:2    | Found a runed gate.
 54695 | Elf:2    | Reached XP level 26. HP: 179/179 MP: 23/23
 54898 | Elf:2    | Received a gift from Trog
 54899 | Elf:2    | Found the +8 demon blade "Bloodbane" {slice, *Rage +Rage Stlth-}
 55254 | Elf:3    | Entered Level 3 of the Elven Halls
 55450 | Elf:3    | Found Gocs's Food Emporium.
 55580 | Elf:3    | Found Zyesiymu's Armour Shop.
 55652 | Elf:3    | Received a gift from Trog
 55685 | Elf:3    | Found Uwiwn's Distillery.
 55700 | Elf:3    | Bought a potion of experience for 750 gold pieces
 55700 | Elf:3    | Reached XP level 27. HP: 184/184 MP: 23/23
 55920 | Elf:3    | Found Zofaxown's Antique Weapon Shoppe.
 56104 | Elf:3    | Got a crude turquoise ring
 56111 | Elf:3    | Got a clouded marble ring
 56166 | Elf:3    | Received a gift from Trog
 56169 | Elf:3    | Identified the ring of Qustreuff {rN+ Int+2 SInv} (You took it off a deep elf demonologist on level 3 of the Elven Halls)
 56170 | Elf:3    | Identified the ring of Utuguosu {+Fly Str+3} (You took it off a deep elf demonologist on level 3 of the Elven Halls)
 56288 | Elf:3    | Got a coiled silver ring
 56320 | Elf:3    | Identified the ring "Coafesaw" {MR+ Int+3} (You took it off a deep elf annihilator on level 3 of the Elven Halls)
 56559 | Elf:3    | Found Zafosch's Antique Weapon Shop.
 58649 | Orc:2    | Bought a fine cloak for 294 gold pieces
 58649 | Orc:2    | Identified the +1 cloak "Vazup" {Str+3 SInv Stlth+} (You bought it in a shop on level 2 of the Orcish Mines)
 59028 | Slime:1  | Entered Level 1 of the Pits of Slime
 59243 | Slime:5  | Entered Level 5 of the Pits of Slime
 59488 | Slime:5  | Noticed the Royal Jelly
 59497 | Slime:5  | Killed the Royal Jelly
 59559 | Slime:5  | Found the +3 robe of Clouds {+Fly rElec}
 59571 | Slime:5  | Found the +3 crown of Dyrovepreva {rElec Int+2 SInv}
 59587 | Slime:5  | Got a slimy rune of Zot
 60163 | Crypt:1  | Entered Level 1 of the Crypt
 60322 | Crypt:1  | Received a gift from Trog
 60592 | Crypt:1  | Reached skill level 1 in Evocations
 60912 | Crypt:2  | Noticed Sojobo
 60946 | Crypt:2  | Killed Sojobo
 61012 | Crypt:2  | Received a gift from Trog
 61499 | Crypt:3  | Entered Level 3 of the Crypt
 62227 | Crypt:3  | Found a shimmering altar of Xom.
 62227 | Crypt:3  | Noticed an ancient lich
 62244 | Crypt:3  | Killed an ancient lich
 62283 | Crypt:3  | Got a faintly glowing granite ring
 62283 | Crypt:3  | Got a shimmering platinum ring
 62300 | Crypt:3  | Got a vibrating silver ring
 62302 | Crypt:3  | Identified the ring "Heypsu" {rC- rN+ Str+6 Int+2 Stlth+} (You found it on level 3 of the Crypt)
 62305 | Crypt:3  | Identified the ring of Xom's Fair Game {rElec rF- rC+ rN+} (You found it on level 3 of the Crypt)
 62307 | Crypt:3  | Identified the ring of Rynwun {+Fly rElec rN+} (You found it on level 3 of the Crypt)
 62430 | Crypt:3  | Received a gift from Trog
 62521 | Crypt:3  | Found a staircase to the Tomb.
 62598 | Tomb:1   | Entered Level 1 of the Tomb of the Ancients
 62781 | Tomb:1   | Noticed a greater mummy
 62788 | Tomb:1   | Received a gift from Trog
 62795 | Tomb:1   | Killed a greater mummy
 62795 | Tomb:1   | Reached skill level 5 in Dodging
 62795 | Tomb:1   | Reached skill level 5 in Evocations
 63024 | Tomb:1   | Got a bound emerald amulet
 63779 | Zot:1    | Entered Level 1 of the Realm of Zot
 63959 | Zot:1    | Noticed an orb of fire
 63971 | Zot:1    | Killed an orb of fire
 64177 | Zot:1    | Noticed an orb of fire
 64194 | Zot:1    | Killed an orb of fire
 64980 | Zot:2    | Received a gift from Trog
 65186 | Zot:2    | Got a fine copper ring
 65244 | Zot:2    | Identified the amulet "Ycithros" {RegenMP +Inv} (You found it on level 1 of the Tomb of the Ancients)
 65259 | Zot:2    | Identified the ring of Hyrro {rPois rC+++ rN+ Dex-3 Slay-4} (You found it on level 2 of the Realm of Zot)
 65966 | Zot:3    | Reached skill level 27 in Axes
 66111 | Zot:3    | Found a transporter.
 66115 | Zot:3    | Found a deep blue altar of Sif Muna.
 67146 | Zot:4    | Received a gift from Trog
 67280 | Zot:5    | Entered Level 5 of the Realm of Zot
 67373 | Zot:5    | Noticed arkorax's ghost (legendary DEBe)
 67397 | Zot:5    | Killed arkorax's ghost
 67406 | Zot:5    | Noticed an ancient lich
 67418 | Zot:5    | Killed an ancient lich
 67545 | Zot:5    | Noticed an ancient lich
 67555 | Zot:5    | Killed an ancient lich
 67617 | Zot:5    | Noticed an orb of fire
 67636 | Zot:5    | Killed an orb of fire
 67638 | Zot:5    | Noticed an orb of fire
 67651 | Zot:5    | Gained mutation: You are clumsy. (Dex -2) [an orb of fire]
 67666 | Zot:5    | Killed an orb of fire
 67688 | Zot:5    | Noticed an ancient lich
 67691 | Zot:5    | Noticed an ancient lich
 67692 | Zot:5    | Noticed an ancient lich
 67700 | Zot:5    | Killed an ancient lich
 67700 | Zot:5    | Reached skill level 10 in Evocations
 67708 | Zot:5    | Killed an ancient lich
 67712 | Zot:5    | Killed an ancient lich
 67786 | Zot:5    | Noticed an ancient lich
 67786 | Zot:5    | Gained mutation: Your body sometimes deteriorates upon taking damage. [the power of Zot]
 67789 | Zot:5    | Noticed an orb of fire
 67797 | Zot:5    | Killed an orb of fire
 67802 | Zot:5    | Killed an ancient lich
 67954 | Zot:5    | Reached skill level 10 in Dodging
 68145 | Zot:5    | Received a gift from Trog
 68237 | Zot:5    | Noticed an ancient lich
 68239 | Zot:5    | Noticed an ancient lich
 68248 | Zot:5    | Killed an ancient lich
 68259 | Zot:5    | Killed an ancient lich
 68428 | Hell     | Entered the Vestibule of Hell
 68432 | Hell     | Noticed Geryon
 68442 | Hell     | Gained mutation: You occasionally shout uncontrollably at your foes. [a cacodemon]
 68520 | Hell     | Killed Geryon
 68560 | Hell     | Found a gateway to the ashen valley of Gehenna.
 68564 | Hell     | Gained mutation: Potions are less effective at restoring your health. [a cacodemon]
 68749 | Hell     | Noticed an ancient lich
 68768 | Hell     | Killed an ancient lich
 68793 | Hell     | Found a gateway to the decaying netherworld of Tartarus.
 68900 | Hell     | Found a gateway to the freezing wastes of Cocytus.
 68914 | Hell     | Received a gift from Trog
 69070 | Hell     | Found a gateway to the Iron City of Dis.
 69185 | Tar:1    | Entered Level 1 of Tartarus
 69627 | Tar:1    | Received a gift from Trog
 70755 | Tar:2    | Received a gift from Trog
 71771 | Tar:3    | Received a gift from Trog
 72811 | Tar:4    | Received a gift from Trog
 74141 | Tar:5    | Received a gift from Trog
 74884 | Tar:6    | Received a gift from Trog
 75149 | Tar:6    | Received a gift from Trog
 75508 | Tar:7    | Entered Level 7 of Tartarus
 75969 | Tar:7    | Found the +9 staff of Wucad Mu {channel}
 76067 | Tar:7    | Noticed an ancient lich
 76078 | Tar:7    | Killed an ancient lich
 76088 | Tar:7    | Got a brightly glowing scarf
 76089 | Tar:7    | Identified the scarf "Daloadgh" {rPois Str+6} (You found it on level 7 of Tartarus)
 76265 | Tar:7    | Received a gift from Trog
 76590 | Tar:7    | Noticed Ereshkigal
 76605 | Tar:7    | Paralysed by Ereshkigal for 5 turns
 76628 | Tar:7    | Killed Ereshkigal
 76628 | Tar:7    | Reached skill level 15 in Evocations
 76639 | Tar:7    | Received a gift from Trog
 76671 | Tar:7    | Noticed an ancient lich
 76679 | Tar:7    | Killed an ancient lich
 76897 | Tar:7    | Got a bone rune of Zot
 77141 | Geh:1    | Entered Level 1 of Gehenna
 77358 | Geh:1    | Received a gift from Trog
 77695 | Geh:7    | Entered Level 7 of Gehenna
 77786 | Geh:7    | Received a gift from Trog
 77947 | Geh:7    | Reached skill level 27 in Fighting
 78062 | Geh:7    | Reached skill level 27 in Armour
 78186 | Geh:7    | Got a glittering ivory amulet
 78199 | Geh:7    | Identified the amulet "Enlowec" {Spirit Str+4 Stlth+} (You found it on level 7 of Gehenna)
 78463 | Geh:7    | Received a gift from Trog
 78633 | Geh:7    | Reached skill level 15 in Dodging
 78777 | Geh:7    | Noticed Asmodeus
 78793 | Geh:7    | Killed from afar by Asmodeus

Vault maps used:
D:1:      saegor_arrival_under_anarchy, grunt_decor_resistance,
          minmay_lizard_king
D:2:      grunt_qazlal_clouds, lemuel_round_altar, grunt_temple_overflow_open,
          uniq_natasha
D:3:      xom_redecorated, old_standard_altar, nicolae_overflow_crystal_walls,
          chequers_ecumenical_altar_simple, uniq_ijyb
D:4:      lemuel_coloured_pillars_altar, first_bread, dk_noncrumbling_2,
          uniq_menkaure, uniq_edmund
D:5:      lemuel_insect_pit, hangedman_abyss_or_decor_passed
D:6:      grunt_dithmenos_smoke, minmay_temple_entry_enclosed_plants,
          kennysheep_small_circle
D:7:      hangedman_ru_absence
D:8:      vehumet_altar_wand_db, chequers_temple_overflow_statue_of_worship,
          serial_shops, nicolae_shop_waterfront, nicolae_shop_waterfront,
          uniq_grum, uniq_prince_ribbit1, uniq_joseph
D:9:      kennysheep_mini_moat, kennysheep_mini, erik_lair_island
D:10:     orc_0_dummy, serial_shops, nicolae_shop_waterfront, hangedman_ranch
D:11:     introduction_to_nature_2
D:12:     nicolae_benzene_ring
D:13:     lightli_vaults_fourway_checkpoint
D:14:     eino_curves_02
D:15:     hangedman_depths_entry_civil_slaughter, grunt_decor_fettered,
          serial_shops, shop
Lair:3:   serial_bayou_ford_a, grunt_megastairs_2
Lair:4:   minmay_shoals_entry_beasts, guppyfry_snake_entry_garden,
          minmay_lair_oklob_chamber
Lair:5:   grunt_megastairs_3
Lair:6:   hangedman_lair_in_review, minmay_slime_entry_oklob_open
Shoals:1: wheals_shoals_ruined_temple
Shoals:2: nicolae_shoals_dead_sea_scrolls
Shoals:4: shoals_end_grunt_ice, shoals_ilsuiw_ice
Snake:2:  basic_altar, special_room, st_stairs_10, grunt_megastairs_1,
          uniq_azrael, uniq_asterion, uniq_donald
Snake:4:  minmay_snake_end_coiled, hangedman_corner_corridor
Orc:1:    portal_ice_cave_entry_ice_beasts, basic_altar, uniq_snorg,
          uniq_maurice
Orc:2:    st_orc_congregation, serial_shops, nicolae_shop_statue_plus,
          lab_entry_generic
Elf:1:    eino_elf_arrival_sip, minivault_28, minmay_shoptagon
Elf:3:    minmay_elf_hall_furrowed, serial_shops, shop, shop,
          nicolae_shop_waterfront, shop, nicolae_shop_trees,
          minmay_elf_annihilation
Vaults:1: vaults_standard_mumra_lines, v_misc_31, grunt_vaults_twisty,
          nicolae_vaults_network_star, v_misc_17, hangedman_vaults_stitches,
          nicolae_vaults_circle_grid_a, vaults_mumra_minichess_inversion,
          v_misc_24, v_misc_24, nicolae_vaults_little_squares_6, v_misc_24,
          enter_trove_3
Vaults:2: v_alt_pattern_4, nicolae_vaults_three_branches, vaults_room_octagon,
          minmay_crypt_entry_simple_box, hangedman_vaults_stagger, v_misc_22,
          vaults_room_hallway, nicolae_vaults_network_quinsquares,
          vaults_room_stairs_pillars, nicolae_vaults_diagonal_hallway_7,
          nicolae_vaults_border_crossing, vaults_room_stairs_pillars,
          serial_shops, shop
Vaults:3: v_misc_4, nicolae_vaults_theta, vaults_room_fours,
          nicolae_vaults_yaktaur_gun_rack, nicolae_vaults_little_squares_1,
          ontoclasm_vaults_eye, nicolae_vaults_little_squares_2,
          vaults_room_door_ring, serial_shops, shop_fountains, serial_glass
Vaults:4: v_misc_10, v_misc_27, hangedman_vaults_river_flow,
          ontoclasm_vaults_decontamination, hangedman_vaults_slice,
          hangedman_vaults_variations, ontoclasm_vaults_bender,
          ontoclasm_vaults_hangar, vaults_room_hallway, hangedman_vaults_nails,
          ontoclasm_vaults_gateway
Vaults:5: serial_shops, uniq_xtahua, uniq_saint_roka, uniq_jorgrun
Crypt:1:  chequers_big_river, minmay_misc_feat_five
Crypt:2:  uniq_sojobo
Crypt:3:  cryptofortress_bobbens
Depths:1: enter_ziggurat_f, hellmouth_3, pan_entry,
          nemelex_xobeh_ov_fountains_minmay, kennysheep_generic_room_3
Depths:2: cheibrodos_quadrivalence, serial_shops, nicolae_shop_waterfront,
          eino_curves_03, pf_hell_entry_tar_river, guppyfry_shop_earth,
          minmay_staircase_statues, uniq_mara
Depths:3: lemuel_river_lethe, pan_entry, hell_entry, serial_shops
Depths:4: kennysheep_spiral_hall, hell_entry, marbit_kobold_abyss_entry,
          minmay_crystal_water, minmay_metal_thing
Depths:5: grunt_zot_entry_funnels, hellmouth_1, okawaru_ov_weapons_minmay,
          serial_shops, nicolae_shop_waterfront, minmay_shop_grove,
          basic_stair_grate_trap
Geh:6:    lemuel_elevator
Geh:7:    evilmike_geh
Tar:4:    grunt_megastairs_4
Tar:7:    tar_grunt_cathedral
Zot:2:    basic_stair_grate_trap
Zot:3:    gammafunk_sealed_library, st_small_dragon_hoard_5
Zot:4:    zot_minivault_1
Lab:      labyrinth_watery, nicolae_lab_x, nicolae_lab_statue
Trove:    trove_armour_2
IceCv:    ice_cave_small_giant

Skill      XL: |  1  2  3  4  5  6  7  8  9 10 11 12 13 14 15 16 17 18 19 20 21 22 23 24 25 26 27 |
---------------+----------------------------------------------------------------------------------+-----
Axes           | 3 4 5 6 7 9 10 12 13 14 16 17 18 19 20 21 22 23 24 25 27 | 27.0
Armour         | 3 4 5 6 7 9 10 11 12 13 14 15 16 17 18 19 20 21 27 | 27.0
Fighting       | 4 5 6 8 9 10 11 12 14 15 16 17 18 19 20 21 22 27 | 27.0
Shields        | 7 10 13 15 16 17 18 19 25 | 25.5
Dodging        | 15 | 15.0
Evocations     | 16 | 16.1

Action                   |  1- 3 |  4- 6 |  7- 9 | 10-12 | 13-15 | 16-18 | 19-21 | 22-24 | 25-27 || total
-------------------------+-------+-------+-------+-------+-------+-------+-------+-------+-------++-------
Melee: Hand axe          |    91 |   173 |   281 |       |       |       |       |       |       ||   545
       War axe           |       |       |    95 |   332 |   668 |       |       |       |       ||  1095
       Battleaxe         |       |       |       |       |   172 |       |       |       |       ||   172
       Executioner's axe |       |       |       |       |   340 |   528 |       |       |       ||   868
       Kick              |       |       |       |       |   158 |   159 |       |       |       ||   317
       Broad axe         |       |       |       |       |       |   584 |  1565 |  1958 |  5527 ||  9634
Invok: Berserk           |       |     3 |     9 |     8 |    12 |    11 |     5 |       |     7 ||    55
       Trog's Hand       |       |     1 |     3 |     2 |     4 |     7 |     6 |       |    13 ||    36
       Burn Spellbooks   |       |       |     2 |     1 |     3 |     1 |     1 |     8 |     9 ||    25
       Brothers in Arms  |       |       |       |       |     4 |     4 |     4 |       |    11 ||    23
 Abil: Fly               |       |       |     1 |       |       |       |       |       |       ||     1
Evoke: Wand              |       |       |       |       |     5 |     1 |       |       |       ||     6
  Use: Scroll            |     7 |     6 |    14 |     3 |     8 |    22 |     9 |    17 |    37 ||   123
       Potion            |       |       |     2 |     1 |       |     2 |     4 |       |    10 ||    19
 Stab: Distracted        |       |       |       |       |     1 |       |       |       |     1 ||     2
       Petrifying        |       |       |       |       |     1 |       |       |       |       ||     1
       Confused          |       |       |       |       |       |     1 |       |       |       ||     1
       Invisible         |       |       |       |       |       |       |       |       |     8 ||     8
  Eat: Chunk             |     1 |     5 |    20 |    17 |    49 |    14 |    15 |    11 |    11 ||   143
       Royal jelly       |       |     1 |       |       |       |     7 |     5 |     6 |    14 ||    33
       Meat ration       |       |       |     1 |     1 |       |     1 |     2 |     2 |     3 ||    10
       Fruit             |       |       |     1 |     2 |    16 |    14 |       |     8 |    18 ||    59
       Bread ration      |       |       |       |       |       |     1 |     1 |       |     8 ||    10
Armor: Animal skin       |     9 |       |       |       |       |       |       |       |       ||     9
       Ring mail         |    24 |    27 |       |       |       |       |       |       |       ||    51
       Chain mail        |       |    78 |    20 |       |       |       |       |       |       ||    98
       Scale mail        |       |    15 |   187 |   233 |    87 |       |       |       |       ||   522
       Plate armour      |       |       |       |       |  1007 |  1033 |   339 |       |       ||  2379
       Crystal plate arm |       |       |       |       |       |       |   535 |  1044 |  1909 ||  3488
Dodge: Dodged            |    64 |    89 |   170 |   187 |   485 |   406 |   199 |   269 |   889 ||  2758
Block: Buckler           |       |       |    39 |    39 |    65 |       |       |       |       ||   143
       Large shield      |       |       |       |       |       |   547 |  1593 |  2130 |  5598 ||  9868

Table legend:
 A = Spawn XP
 B = Non-spawn XP
 C = Spawn XP percentage of total XP
 D = Spawn monster count
 E = Non-spawn monster count
 F = Spawn count percentage of total count
 G = Total turns spent on level
                    A         B        C        D         E        F      G
               +---------+---------+-------+---------+---------+-------+---------
         Total |       0 | 2565244 |   0.0 |       0 |    3535 |   0.0 | 78793
               +---------+---------+-------+---------+---------+-------+---------
           D:1 |       0 |      25 |   0.0 |       0 |      14 |   0.0 |   868
           D:2 |       0 |     169 |   0.0 |       0 |      20 |   0.0 |   890
           D:3 |       0 |     268 |   0.0 |       0 |      33 |   0.0 |   792
           D:4 |       0 |     510 |   0.0 |       0 |      16 |   0.0 |  1492
           D:5 |       0 |    1535 |   0.0 |       0 |      38 |   0.0 |  1423
           D:6 |       0 |     905 |   0.0 |       0 |      23 |   0.0 |  1102
           D:7 |       0 |     986 |   0.0 |       0 |      19 |   0.0 |   892
           D:8 |       0 |    2932 |   0.0 |       0 |      23 |   0.0 |  1196
           D:9 |       0 |    3705 |   0.0 |       0 |      38 |   0.0 |  1733
          D:10 |       0 |    5552 |   0.0 |       0 |      38 |   0.0 |   722
          D:11 |       0 |    5291 |   0.0 |       0 |      46 |   0.0 |  1351
          D:12 |       0 |    5862 |   0.0 |       0 |      32 |   0.0 |  1209
          D:13 |       0 |   15196 |   0.0 |       0 |      45 |   0.0 |  1182
          D:14 |       0 |    6104 |   0.0 |       0 |      24 |   0.0 |  1455
          D:15 |       0 |   20246 |   0.0 |       0 |      43 |   0.0 |  1092
        Lair:1 |       0 |    2563 |   0.0 |       0 |      15 |   0.0 |  1395
        Lair:2 |       0 |    6647 |   0.0 |       0 |      22 |   0.0 |  1412
        Lair:3 |       0 |    3363 |   0.0 |       0 |      16 |   0.0 |  1022
        Lair:4 |       0 |   13128 |   0.0 |       0 |      32 |   0.0 |  1790
        Lair:5 |       0 |    6908 |   0.0 |       0 |      26 |   0.0 |  1324
        Lair:6 |       0 |   30610 |   0.0 |       0 |      84 |   0.0 |  2818
      Shoals:1 |       0 |   13164 |   0.0 |       0 |      21 |   0.0 |   847
      Shoals:2 |       0 |   22577 |   0.0 |       0 |      41 |   0.0 |   887
      Shoals:3 |       0 |   21040 |   0.0 |       0 |      49 |   0.0 |   818
      Shoals:4 |       0 |   41706 |   0.0 |       0 |      64 |   0.0 |  1112
       Snake:1 |       0 |   23505 |   0.0 |       0 |      45 |   0.0 |  1432
       Snake:2 |       0 |   31613 |   0.0 |       0 |      55 |   0.0 |  2135
       Snake:3 |       0 |    8213 |   0.0 |       0 |      14 |   0.0 |  1038
       Snake:4 |       0 |   57107 |   0.0 |       0 |     106 |   0.0 |  2360
       Slime:2 |       0 |    8180 |   0.0 |       0 |      10 |   0.0 |    74
       Slime:3 |       0 |    4074 |   0.0 |       0 |       7 |   0.0 |    54
       Slime:4 |       0 |    7673 |   0.0 |       0 |      10 |   0.0 |    73
       Slime:5 |       0 |   30881 |   0.0 |       0 |      24 |   0.0 |   548
         Orc:1 |       0 |    4839 |   0.0 |       0 |      36 |   0.0 |   468
         Orc:2 |       0 |   15925 |   0.0 |       0 |      99 |   0.0 |  1571
         Elf:1 |       0 |   25421 |   0.0 |       0 |      46 |   0.0 |  1125
         Elf:2 |       0 |   38712 |   0.0 |       0 |      51 |   0.0 |  1159
         Elf:3 |       0 |   66258 |   0.0 |       0 |      74 |   0.0 |  1406
      Vaults:1 |       0 |   56583 |   0.0 |       0 |      99 |   0.0 |  2945
      Vaults:2 |       0 |   59017 |   0.0 |       0 |      82 |   0.0 |  1769
      Vaults:3 |       0 |   33596 |   0.0 |       0 |      50 |   0.0 |  1503
      Vaults:4 |       0 |   66733 |   0.0 |       0 |      96 |   0.0 |  1574
      Vaults:5 |       0 |  151159 |   0.0 |       0 |     127 |   0.0 |  1506
       Crypt:1 |       0 |   21952 |   0.0 |       0 |      38 |   0.0 |   505
       Crypt:2 |       0 |   58491 |   0.0 |       0 |      60 |   0.0 |   851
       Crypt:3 |       0 |   64333 |   0.0 |       0 |      92 |   0.0 |  1154
        Tomb:1 |       0 |   46141 |   0.0 |       0 |      50 |   0.0 |   835
      Depths:1 |       0 |   38607 |   0.0 |       0 |      65 |   0.0 |  1072
      Depths:2 |       0 |   38183 |   0.0 |       0 |      37 |   0.0 |  1074
      Depths:3 |       0 |   62805 |   0.0 |       0 |     116 |   0.0 |  1409
      Depths:4 |       0 |   52335 |   0.0 |       0 |      66 |   0.0 |  1314
      Depths:5 |       0 |   55709 |   0.0 |       0 |      46 |   0.0 |   875
          Hell |       0 |   55713 |   0.0 |       0 |      78 |   0.0 |   796
         Geh:1 |       0 |   25806 |   0.0 |       0 |      61 |   0.0 |   427
         Geh:3 |       0 |    5555 |   0.0 |       0 |      12 |   0.0 |    38
         Geh:5 |       0 |    6243 |   0.0 |       0 |      15 |   0.0 |    53
         Geh:6 |       0 |     385 |   0.0 |       0 |       2 |   0.0 |    25
         Geh:7 |       0 |   83672 |   0.0 |       0 |      77 |   0.0 |  1098
         Tar:1 |       0 |   52793 |   0.0 |       0 |      75 |   0.0 |   950
         Tar:2 |       0 |   58966 |   0.0 |       0 |      71 |   0.0 |  1445
         Tar:3 |       0 |   46121 |   0.0 |       0 |      66 |   0.0 |   769
         Tar:4 |       0 |   93214 |   0.0 |       0 |     109 |   0.0 |  1320
         Tar:5 |       0 |   33949 |   0.0 |       0 |      53 |   0.0 |   986
         Tar:6 |       0 |   80189 |   0.0 |       0 |     104 |   0.0 |   853
         Tar:7 |       0 |  191592 |   0.0 |       0 |     164 |   0.0 |  1594
         Zot:1 |       0 |   72145 |   0.0 |       0 |      38 |   0.0 |  1197
         Zot:2 |       0 |   66401 |   0.0 |       0 |      36 |   0.0 |   831
         Zot:3 |       0 |   46631 |   0.0 |       0 |      25 |   0.0 |   915
         Zot:4 |       0 |   75125 |   0.0 |       0 |      39 |   0.0 |   637
         Zot:5 |       0 |  200818 |   0.0 |       0 |      49 |   0.0 |  1019
           Lab |       0 |    1267 |   0.0 |       0 |       2 |   0.0 |   384
         IceCv |       0 |    9622 |   0.0 |       0 |      36 |   0.0 |   627
               +---------+---------+-------+---------+---------+-------+---------
